 Dungeon Crawl Stone Soup version 0.23.2-40-g277498a (webtiles) character file.

Game seed: 7787020387679373627

2846 Fang the Skirmisher (level 9, -1/59 HPs)
             Began as a Gargoyle Berserker on Sept 6, 2019.
             Was an Elder of Trog.
             Slain by a killer bee (3 damage)
             ... on level 8 of the Dungeon.
             The game lasted 00:07:04 (6962 turns).

Fang the Skirmisher (Gargoyle Berserker)            Turns: 6962, Time: 00:07:05

Health: -1/59      AC: 17    Str: 25    XL:     9   Next: 74%
Magic:  0/9        EV: 10    Int:  7    God:    Trog [****..]
Gold:   400        SH:  0    Dex:  9    Spells: 8/8 levels left

rFire    x . .     SeeInvis .   a - +0 war axe
rCold    + . .     Gourm    .   (no shield)
rNeg     + . .     Faith    .   b - +0 chain mail
rPois    ∞         Spirit   +   (no helmet)
rElec    +         Reflect  .   h - scarf {Spirit}
rCorr    .         Harm     .   (no gloves)
MR       .....                  (no boots)
Stlth    ..........             (no amulet)
HPRegen  0.19/turn              i - ring of flight
MPRegen  0.11/turn              t - ring of ice (curse)

@: no status effects
A: negative energy resistance 1, electricity resistance, unbreathing,
petrification resistance, rot immunity, AC +6
a: Berserk, Trog's Hand, Brothers in Arms, Renounce Religion, Evoke Flight


You were on level 8 of the Dungeon.
You worshipped Trog.
Trog was greatly pleased with you.
You were not hungry.

You visited 2 branches of the dungeon, and saw 9 of its levels.

You collected 400 gold pieces.

Inventory:

Hand Weapons
 a - a +0 war axe (weapon)
Armour
 b - a +0 chain mail (worn)
 h - a scarf of spirit shield (worn)
Jewellery
 i - a ring of flight (left hand)
 t - a cursed ring of ice (right hand)
Wands
 l - a wand of iceblast (7)
Scrolls
 e - a scroll of blinking {unknown}
 g - 5 scrolls of teleportation {unknown}
 j - 13 scrolls of identify {unknown}
 n - 2 scrolls of fear {unknown}
 o - a scroll of remove curse {unknown}
 p - a scroll of enchant weapon {unknown}
 q - a scroll of magic mapping {unknown}
 r - a scroll of amnesia {unknown}
 u - a scroll of random uselessness {unknown}
 v - a scroll of immolation {unknown}
Potions
 d - 2 potions of flight {unknown}
 f - 7 potions of heal wounds
 k - 4 potions of mutation {unknown}
 m - a potion of invisibility {unknown}
 s - 2 potions of lignification {unknown}
 w - a potion of berserk rage {unknown}
 x - a potion of brilliance {unknown}
Comestibles
 c - 11 rations
 z - 10 chunks of flesh


   Skills:
 + Level 7.9 Fighting
 + Level 6.6 Axes
 + Level 7.4 Armour
 + Level 5.6 Dodging


You had 8 spell levels left.
You didn't know any spells.
Your spell library was empty.

Dungeon Overview and Level Annotations

Branches:
Dungeon (8/15)             Temple (1/1) D:4
   Lair: D:8-11

Altars:
Fedhas
Okawaru
Sif Muna

Shops:
D:6 (


Innate Abilities, Weirdness & Mutations

You are resistant to torment.
Your stone body is resilient. (AC +6)
You are immune to poison.
You resist negative energy. (rN+)
You are resistant to electric shocks. (rElec)
You can survive without breathing.
You are immune to petrification.
You are immune to rotting.


Message History

The killer bee stings you but does no damage.
The killer bee misses you.
The killer bee stings you but does no damage.
The killer bee misses you.
Your chain mail prevents you from hitting the killer bee.
The killer bee is lightly wounded.
You slash the killer bee!
The killer bee stings you but does no damage. x2
The killer bee closely misses you. The killer bee stings you.
* * * LOW HITPOINT WARNING * * *
The killer bee barely misses you. The killer bee stings you.
* * * LOW HITPOINT WARNING * * *
You hit the killer bee.
The killer bee is moderately wounded.
You completely miss the killer bee.
The killer bee stings you but does no damage. x4
Your chain mail prevents you from hitting the killer bee.
The killer bee is moderately wounded.
You closely miss the killer bee. The killer bee stings you.
You die...

#.############.....#
######........÷).........
...........)..)).........
.........#########.......
.[.#.###.# ##...... # #
#.# ##...#. #.# ##.##.
#y# #.##. #@# #.##. #y#
#.##. #.# #.##. #.# #.##.
... #.##. ##### ..##. #.


You could see 2 killer bees.

Vanquished Creatures
  Grinder (D:5)
  A water moccasin (D:5)
  An ice beast (D:7)
  Duvessa (D:4)
  A phantom (D:4)
  A sky beast (D:4)
  A black bear (D:6)
  3 ogres
  2 centaurs
  A crocodile (D:7)
  2 bullfrogs (D:7)
  Blork the orc (D:4)
  Dowan (D:4)
  2 scorpions
  5 killer bees
  A bullfrog zombie (D:7)
  3 crimson imps
  2 jellies (D:7)
  7 orc priests
  A quasit (D:7)
  6 orc wizards
  Terence (D:2)
  2 iguanas
  4 worker ants
  A hound skeleton (D:4)
  Robin (D:2)
  A howler monkey skeleton (D:5)
  5 adders
  2 adder skeletons
  An adder zombie (D:5)
  7 worms
  3 dart slugs
  2 leopard geckos
  26 orcs
  7 giant cockroaches
  13 goblins
  10 hobgoblins
  11 jackals
  4 quokkas
  4 bats
  5 frilled lizards
  4 kobolds
  A leopard gecko skeleton (D:4)
  A leopard gecko zombie (D:5)
  8 rats
168 creatures vanquished.

Notes
Turn   | Place    | Note
-------+----------+-------------------------------------------
     0 | D:1      | Fang the Gargoyle Berserker began the quest for the Orb.
     0 | D:1      | Reached XP level 1. HP: 14/14 MP: 1/1
   164 | D:1      | Reached XP level 2. HP: 17/19 MP: 2/2
   786 | D:1      | Reached XP level 3. HP: 23/23 MP: 3/3
  1417 | D:2      | Noticed Terence
  1434 | D:2      | Killed Terence
  1434 | D:2      | Reached XP level 4. HP: 13/29 MP: 4/4
  1650 | D:2      | Reached ** piety under Trog
  1764 | D:2      | Noticed Robin
  1787 | D:2      | Killed Robin
  2138 | D:3      | Reached XP level 5. HP: 26/33 MP: 3/5
  2704 | D:3      | Reached *** piety under Trog
  3146 | D:4      | Noticed a phantom
  3186 | D:4      | Reached XP level 6. HP: 22/39 MP: 4/6
  3191 | D:4      | Killed a phantom
  3241 | D:4      | Noticed Blork the orc
  3256 | D:4      | Killed Blork the orc
  3256 | D:4      | Reached skill level 5 in Fighting
  3479 | D:4      | Noticed Dowan
  3480 | D:4      | Noticed Duvessa
  3483 | D:4      | Reached XP level 7. HP: 40/44 MP: 7/7
  3494 | D:4      | Killed Duvessa
  3504 | D:4      | Killed Dowan
  3801 | D:4      | Found a staircase to the Ecumenical Temple.
  3950 | Temple   | Entered the Ecumenical Temple
  4200 | D:4      | Reached skill level 5 in Armour
  4352 | D:5      | Entered Level 5 of the Dungeon
  4352 | D:5      | Noticed Grinder
  4375 | D:5      | Killed Grinder
  4375 | D:5      | Reached XP level 8. HP: 42/51 MP: 6/8
  4392 | D:5      | Reached skill level 5 in Axes
  4968 | D:6      | Found an iron altar of Okawaru.
  5028 | D:6      | Found Ypotheh's Antique Weapon Shop.
  5515 | D:6      | Reached **** piety under Trog
  5666 | D:6      | Found a deep blue altar of Sif Muna.
  5937 | D:7      | Reached XP level 9. HP: 54/56 MP: 9/9
  5953 | D:7      | Reached skill level 5 in Dodging
  6226 | D:7      | Found a blossoming altar of Fedhas.
  6960 | D:8      | HP: 2/59 [killer bee (4)]
  6962 | D:8      | Slain by a killer bee

Skill      XL: |  1  2  3  4  5  6  7  8  9 |
---------------+----------------------------+-----
Axes           | 3 4 5 6 |  6.6
Dodging        | 2 3 4 5 |  5.6
Armour         | 3 4 5 6 7 |  7.4
Fighting       | 4 5 6 7 |  7.9

Action                   |  1- 3 |  4- 6 |  7- 9 || total
-------------------------+-------+-------+-------++-------
Melee: Hand axe          |   110 |   120 |       ||   230
       War axe           |       |    65 |   371 ||   436
Invok: Berserk           |     2 |     3 |     4 ||     9
       Trog's Hand       |       |     1 |       ||     1
 Stab: Sleeping          |     1 |     1 |       ||     2
  Eat: Chunk             |     2 |    12 |    12 ||    26
       Ration            |       |       |     1 ||     1
Armor: Animal skin       |    33 |    18 |       ||    51
       Chain mail        |       |   100 |   295 ||   395
Dodge: Dodged            |    72 |   122 |   257 ||   451
